 Dungeon Crawl Stone Soup version 0.26-a0-259-g1effd001a9 (webtiles) character file.

Game seed: 7223443994987494383

95 Lugonue the Charlatan (level 4, 0/22 HPs)
             Began as a Vine Stalker Artificer on July 23, 2020.
             Slain by Natasha (3 damage)
             ... on level 3 of the Dungeon.
             The game lasted 00:01:44 (1701 turns).

Lugonue the Charlatan (Vine Stalker Artificer)      Turns: 1701, Time: 00:01:44

Health: 0/22       AC:  3    Str: 15    XL:     4   Next: 66%
Magic:  0/5        EV: 12    Int: 12    God:
Gold:   125        SH:  0    Dex: 14    Spells: 3/3 levels left

rFire    . . .     SeeInvis .   a - +0 short sword
rCold    . . .     Faith    .   (no shield)
rNeg     . . .     Spirit   +   b - +0 leather armour
rPois    .         Reflect  .   (no helmet)
rElec    .         Harm     .   (no cloak)
rCorr    .                      (no gloves)
MR       .....                  (no boots)
Stlth    ++........             (no amulet)
HPRegen  0.47/turn              (no ring)
MPRegen  0.09/turn              (no ring)

@: brilliant, lethally poisoned (0 -> -2)
A: fangs 2, regeneration 1, magic shield, antimagic bite, no potion heal 3, rot
immunity
a: no special abilities


You were on level 3 of the Dungeon.
You were not hungry.

You visited 1 branch of the dungeon, and saw 3 of its levels.

You collected 125 gold pieces.

Inventory:

Hand Weapons
 a - a +0 short sword (weapon)
Missiles
 g - 6 atropa-tipped darts (quivered)
 r - a throwing net
Armour
 b - a +0 leather armour (worn)
Wands
 c - a wand of flame (15)
 d - a wand of enslavement (15)
 e - a wand of random effects (14)
Scrolls
 h - a scroll of immolation
 i - a scroll of noise {unknown}
 j - 4 scrolls of identify {unknown}
 l - 2 scrolls of blinking {unknown}
 o - a scroll of teleportation {unknown}
 p - a scroll of enchant weapon {unknown}
Potions
 k - a potion of mutation {unknown}
 m - a potion of might {unknown}
 n - a potion of heal wounds {unknown}
 q - a potion of brilliance
Comestibles
 f - 3 rations


   Skills:
 + Level 1.4 Fighting
 + Level 1.6 Short Blades
 + Level 0.8 Armour
 + Level 2.1 Dodging
 * Level 2.0 Stealth
 + Level 3.5 Evocations


You had 3 spell levels left.
You didn't know any spells.
Your spell library was empty.

Dungeon Overview and Level Annotations

Branches:
Dungeon (3/15)

Altars:
Fedhas

Annotations:
D:3 Natasha


Innate Abilities, Weirdness & Mutations

You have extremely sharp teeth.
Your natural rate of healing is unusually fast.
When hurt, damage is shared between your health and your magic reserves.
Your bite disrupts and absorbs the magic of your enemies.
Potions cannot restore your health.
You are immune to rotting.


Message History

You feel sick.
The kobold throws a poisoned dart.
The poisoned dart hits you!
You are more poisoned.
The kobold throws a poisoned dart.
The poisoned dart barely misses you.
You see here 2 poisoned darts.
You feel sick.
You feel yourself speed up.
You feel sick.
A magic dart appears from out of thin air!
The magic dart hits you.
You feel sick.
You feel sick.
You see here an adder corpse.
As you read the scroll labeled BEPUFA YPUTRI, it crumbles to dust.
The creatures around you are filled with an inner flame!
It was a scroll of immolation.
You feel sick. Something claws you!
* * * LOW HITPOINT WARNING * * *
It was a potion of brilliance.
You feel clever all of a sudden.
You feel sick. Something claws you.
You die...

#..#................#
#.#...............(.#
##.<.#..............##
#.).###.....##..((.##
##.........[####...#
#..##########[.(..##
#.#####..K..K.#####
#####.###...#######
#........@###
#........## #........#
##########


You could see a kobold.

Vanquished Creatures
  Natasha (D:3)
  3 adders
  A worm (D:2)
  A dart slug (D:1)
  A leopard gecko (D:1)
  3 bats
  3 giant cockroaches
  6 goblins (D:1)
  4 hobgoblins
  6 jackals
  3 kobolds
  A frilled lizard (D:1)
  5 rats
38 creatures vanquished.

Notes
Turn   | Place    | Note
-------+----------+-------------------------------------------
     0 | D:1      | Lugonue the Vine Stalker Artificer began the quest for the
                  | Orb.
     0 | D:1      | Reached XP level 1. HP: 9/9 MP: 2/2
    35 | D:1      | Reached skill level 3 in Evocations
    44 | D:1      | Reached XP level 2. HP: 14/14 MP: 3/3
   271 | D:1      | Reached skill level 1 in Fighting
   434 | D:1      | Reached XP level 3. HP: 18/18 MP: 4/4
   874 | D:2      | Reached skill level 1 in Short Blades
  1450 | D:2      | Gained mutation: Your natural rate of healing is unusually
                  | fast. [Vine Stalker growth]
  1450 | D:2      | Reached XP level 4. HP: 16/22 MP: 3/5
  1516 | D:2      | Found a blossoming altar of Fedhas.
  1632 | D:3      | Noticed Natasha
  1633 | D:3      | Killed Natasha
  1685 | D:3      | Noticed Natasha
  1701 | D:3      | Slain by Natasha

Illustrated notes

Levels and vault maps discovered:
D:1:      lemuel_arrival_river_ford, layout_rooms
D:2:      layout_loops_ring, fedhas_altar_4
D:3:      layout_rooms, minitemple, uniq_sigmund, uniq_natasha

Skill      XL: |  1  2  3  4 |
---------------+-------------+-----
Evocations     | 3 |  3.5
Fighting       | 1 |  1.4
Short Blades   | 1 |  1.6
Dodging        | 2 |  2.1
Stealth        | 2 |  2.0
Armour         | |  0.8

Action                   |  1- 3 |  4- 6 || total
-------------------------+-------+-------++-------
Melee: Short sword       |   129 |     4 ||   133
       Bite              |    32 |     1 ||    33
Evoke: Wand              |       |     1 ||     1
  Use: Scroll            |       |     1 ||     1
       Potion            |       |     1 ||     1
 Stab: Sleeping          |     2 |       ||     2
  Eat: Ration            |     1 |       ||     1
Armor: Leather armour    |    39 |       ||    39
Dodge: Dodged            |    85 |     5 ||    90

Table legend:
 A = Non-vault XP
 B = Vault XP
 C = Vault XP percentage of total XP
 D = Non-vault monster count
 E = Vault monster count
 F = Vault count percentage of total count
                 A         B        C        D         E       F
            +---------+---------+-------+---------+---------+-------
      Total |     102 |      35 |  25.5 |      37 |       1 |   2.6
            +---------+---------+-------+---------+---------+-------
        D:1 |      40 |       0 |   0.0 |      23 |       0 |   0.0
        D:2 |      47 |       0 |   0.0 |      12 |       0 |   0.0
        D:3 |      15 |      35 |  70.0 |       2 |       1 |  33.3
            +---------+---------+-------+---------+---------+-------
